Unix NetHack Version 3.7.0-70 Work-in-progress - last build Jan 20 2023 02:37:49 (416de4da9be3a1557180d233d1398bca634ded6a,branch:master). Game began 2023-01-27 20:23:07, ended 2023-01-27 20:37:58. Gandelf, neutral male human Monk ---- |..---- --..---...|.---- |..............------ |.......^........|..-- --.---...............| -- ---.....--.-...-- ---.-----..--- --- ---.-- |...| |...-- --- ------....- ....| |..--..........<..-- |...%..............| --.%.....)........-- . --%....)).).......| ..%@....[))..--.--.-- #.G........--------- --..|...--- ---- - Gandelf the Novice St:17 Dx:12 Co:15 In:9 Wi:13 Ch:10 Neutral S:915 Dlvl:4 $:45 HP:0(37) Pw:30(30) AC:4 Xp:5/180 T:965 Hungry Burdened Latest messages: Your movements are slowed slightly because of your load. You are still in a pit. You hear some noises. It is missed. You are hit by a dagger. You are still in a pit. You are still in a pit. You are still in a pit. You are still in a pit. You miss the dwarf. The little dog misses the dwarf. The dwarf swings her pick-axe. The dwarf hits! The little dog drops a dart. The little dog bites the dwarf. The little dog misses the dwarf. You are hit by a dagger. The little dog bites the dwarf. The dwarf is killed! You are still in a pit. The little dog eats a dwarf corpse. You hear crashing rock. You crawl to the edge of the pit. You see here 3 darts. The gnome wields 2 daggers! You hit the gnome! You kill the gnome! You have a little trouble lifting H - a partly used candle (lit). You are beginning to feel hungry. An arrow shoots out at you! You are hit by an arrow! You swap places with your little dog. You swap places with your little dog. You kill the gnome! You have a little trouble lifting I - a partly used candle (lit). You have a little trouble lifting J - an orange gem. The gnome hits! You kill the gnome! Welcome to experience level 5. You feel stealthy! You hear crashing rock. You kill the gnome! The gnome wields a thonged club! You kill the gnome! The gnome lord hits! The gnome lord hits! You hit the gnome lord! The gnome lord hits! You die... Do you want your possessions identified? [ynq] (y) q Inventory: Coins $ - 45 gold pieces Weapons m - 11 cursed -1 arrows x - 5 +0 darts Armor t - an uncursed +0 dwarvish iron helm a - an uncursed +2 pair of leather gloves (being worn) u - an uncursed +0 pair of iron shoes v - an uncursed +0 dwarvish roundshield w - an uncursed +0 dwarvish cloak b - an uncursed +1 robe (being worn) Comestibles k - an uncursed slime mold g - 7 uncursed apples f - 3 uncursed food rations C - an uncursed food ration i - 4 uncursed fortune cookies h - 7 uncursed oranges A - an uncursed tripe ration G - an uncursed hobbit corpse q - 2 uncursed lichen corpses Scrolls o - an uncursed scroll of earth d - a blessed scroll of light B - a blessed scroll of light z - an uncursed scroll of teleportation Spellbooks c - a blessed spellbook of healing p - an uncursed spellbook of protection Potions e - 3 uncursed potions of water r - an uncursed potion of water Rings n - an uncursed ring of warning Wands l - a wand of locking (0:6) Tools y - a frost horn (0:5) j - an uncursed oil lamp (lit) D - a blessed tallow candle I - an uncursed partly used tallow candle (lit) H - an uncursed partly used wax candle (lit) Gems/Stones F - an uncursed jade stone J - an uncursed worthless piece of orange glass s - 2 uncursed worthless pieces of white glass Gandelf the Monk's attributes: Background: You were a Novice, a level 5 male human Monk. You were neutral, on a mission for Chih Sung-tzu who was opposed by Shan Lai Ching (lawful) and Huan Ti (chaotic). You were in the Gnomish Mines, on level 4. You entered the dungeon 965 turns ago. You had 180 experience points, 140 more were needed to attain level 6. Your score was 915 before end-of-game adjustments. Basics: You had 0 out of 37 hit points. You had all 30 energy points (spell power). Your armor class was 4. Your wallet contained 45 zorkmids. Autopickup was on for '$?!+/=' plus thrown. Final Characteristics: Your strength was 17 (limit:18/100). Your dexterity was 12 (limit:18). Your constitution was 15 (limit:18). Your intelligence was 9 (limit:18). Your wisdom was 13 (limit:18). Your charisma was 10 (limit:18). Final Status: You were hungry. You were burdened; movement was slightly slowed. You were empty handed. You had basic skill with martial arts. Final Attributes: You were devoutly aligned. You were sleep resistant. You were poison resistant. You saw invisible. You were stealthy. You were guarded. You were fast. You are dead. Miscellaneous: You never encountered a bones level. Total elapsed playing time was 14 minutes and 51 seconds. Major events: Turn 1: Gandelf the neutral male human Monk entered the dungeon 651: entered the Gnomish Mines 652: attained the rank of Novice (level 3) 965: killed by a gnome lord Vanquished creatures: a shrieker a gnome leader 3 dwarves an iguana 2 hobbits 16 gnomes a fox a kobold 2 grid bugs 6 lichens 4 newts 38 creatures vanquished. No species were genocided or became extinct. Voluntary challenges: You followed a strict vegan diet. You were an atheist. You never hit with a wielded weapon. You read items or engraved 2 times. You never engraved Elbereth. You never genocided any monsters. You never polymorphed an object. You never changed form. You used no wishes. Achievements: You entered the Gnomish Mines. You attained the rank of Novice. The Dungeons of Doom: levels 1 to 3 Level 1: Some fountains. Level 2: A fountain, a grave. Stairs down to The Gnomish Mines. Level 3: A grave. The Gnomish Mines: levels 3 to 4 Level 3: Level 4: <- You were here. Final resting place for you, killed by a gnome lord. Game over: ---------- / \ / REST \ / IN \ / PEACE \ / \ | Gandelf | | 45 Au | | killed by a | | gnome lord | | | | | | 2023 | *| * * * | * _________)/\\_//(\/(/\)/\//\/|_)_______ Goodbye Gandelf the Monk... You died in The Gnomish Mines on dungeon level 4 with 911 points, and 45 pieces of gold, after 965 moves. You were level 5 with a maximum of 37 hit points when you died.